 Dungeon Crawl Stone Soup version 0.24.0-123-gd5b16e6ec5 (webtiles) character file.

Game seed: 7992889849635032730, levelgen mode: deterministic

5238286 mojasp the Invulnerable (level 27, 276/276 HPs)
             Began as a Deep Dwarf Fighter on Dec 21, 2019.
             Was the Champion of Makhleb.
             Escaped with the Orb
             ... and 7 runes on Dec 22, 2019!
             The game lasted 04:38:38 (74332 turns).

mojasp the Invulnerable (Deep Dwarf Fighter)       Turns: 74332, Time: 04:38:39

Health: 276/276    AC: 45    Str: 33    XL:     27
Magic:  6/6 (15)   EV: 25    Int: 16    God:    Makhleb [******]
Gold:   6657       SH: 18    Dex: 18    Spells: 34/40 levels left

rFire    + + +     SeeInvis +   F - +9 broad axe (elec)
rCold    + + +     Gourm    .   N - +2 shield of Resistance {rF+ rC+ MR+}
rNeg     + + .     Faith    .   o - +12 gold dragon scales
rPois    +         Spirit   .   S - +1 helmet "Biunaacu" {rPois Regen+ rCorr Str+8}
rElec    +         Reflect  .   Z - +2 cloak {+Inv}
rCorr    +         Harm     .   I - +2 pair of gloves
MR       +++++     Clarity  +   D - -3 pair of boots of Vuskox {Slay+3} (curse)
Stlth    ..........             T - amulet of Midnight {+Rage rC+ rN+ Slay+3}
HPRegen  0.00/turn              A - ring of Vumurrebb {rC+ MP-9 Slay+2 SInv Stlth+}
MPRegen  0.10/turn              C - ring of Hyokal {*Drain rElec rF+ MR+ Int+5}

@: non-regenerating
A: damage resistance, heal wounds, rugged brown scales 1, thin skeletal
structure 1, clarity, deformed body, low mp 2, negative energy resistance 1,
sense surroundings 3, screaming 1, shaggy fur 1, weak 1, subdued magic 2, no
regeneration
0: Orb of Zot
}: 7/15 runes: barnacled, slimy, silver, abyssal, demonic, magical, gossamer
a: Heal Wounds, Minor Destruction, Lesser Servant of Makhleb, Major Destruction,
Greater Servant of Makhleb, Renounce Religion, Evoke Berserk Rage, Evoke
Invisibility


You escaped.
You worshipped Makhleb.
Makhleb was exalted by your worship.
You were very full.

You visited 12 branches of the dungeon, and saw 58 of its levels.
You visited Pandemonium 2 times, and saw 9 of its levels.
You visited the Abyss 2 times.
You also visited: Ossuary, Gauntlet, Ice Cave and Volcano.

You collected 11023 gold pieces.
You spent 4366 gold pieces at shops.

Inventory:

Hand Weapons
 u - a +3 antimagic war axe
 F - a +9 broad axe of electrocution (weapon)
Missiles
 M - 2 curare-tipped darts (quivered)
 O - 9 throwing nets
Armour
 o - +12 gold dragon scales (worn)
 D - the cursed -3 pair of boots of Vuskox (worn) {Slay+3}
   (You found it on level 3 of the Crypt)

   It affects your accuracy and damage with ranged weapons and melee attacks
   (+3).
   It has a curse placed upon it.
 I - a +2 pair of gloves (worn)
 N - the +2 shield of Resistance (worn) {rF+ rC+ MR+}
   (You took it off Donald on level 2 of the Vaults)

   It protects you from fire.
   It protects you from cold.
   It affects your resistance to hostile enchantments.
 S - the +1 helmet "Biunaacu" (worn) {rPois Regen+ rCorr Str+8}
   (You found it on level 2 of the Lair of Beasts)

   It affects your strength (+8).
   It protects you from poison.
   It increases your rate of regeneration.
   It provides partial protection from all sources of acid and corrosion.
 Z - a +2 cloak of invisibility (worn)
Jewellery
 c - an uncursed ring of magical power {unknown}
 n - an uncursed ring of flight
 A - the ring of Vumurrebb (left hand) {rC+ MP-9 Slay+2 SInv Stlth+}
   (You took it off a deep elf knight on level 5 of the Vaults)

   [ring of stealth]

   It affects your accuracy and damage with ranged weapons and melee attacks
   (+2).
   It protects you from cold.
   It affects your magic capacity (-9).
   It lets you see invisible.
   It makes you more stealthy.
 C - the ring of Hyokal (right hand) {*Drain rElec rF+ MR+ Int+5}
   (You took it off an orc sorcerer on level 3 of the Elven Halls)

   [ring of protection from magic]

   It affects your intelligence (+5).
   It protects you from fire.
   It insulates you from electricity.
   It affects your resistance to hostile enchantments.
   It causes draining when unequipped.
 T - the amulet of Midnight (around neck) {+Rage rC+ rN+ Slay+3}
   (You found it on level 4 of the Realm of Zot)

   [amulet of rage]

   It affects your accuracy and damage with ranged weapons and melee attacks
   (+3).
   It protects you from cold.
   It protects you from negative energy.
   It lets you go berserk.
Wands
 g - a wand of paralysis (42)
 h - a wand of digging (35)
 j - a wand of acid (38)
 m - a wand of polymorph (34)
 t - a wand of clouds (6)
 J - a wand of iceblast (63)
Scrolls
 b - 2 scrolls of holy word
 k - 29 scrolls of teleportation
 l - 9 scrolls of fog
 p - 8 scrolls of blinking
 r - 19 scrolls of remove curse
 s - 3 scrolls of enchant armour
 x - 7 scrolls of magic mapping
 G - 3 scrolls of silence
 L - 5 scrolls of summoning
 Q - 3 scrolls of immolation
 W - 39 scrolls of identify
 X - 6 scrolls of fear
Potions
 a - 3 potions of invisibility
 d - 11 potions of cancellation
 e - 6 potions of might
 i - 7 potions of haste
 q - 5 potions of resistance
 v - 14 potions of lignification
 w - 28 potions of curing
 z - 11 potions of flight
 E - 11 potions of heal wounds
 H - 2 potions of ambrosia
 K - 4 potions of mutation
 P - 5 potions of agility
 R - a potion of brilliance
 Y - 6 potions of berserk rage
Comestibles
 f - 49 rations


   Skills:
 + Level 20.0 Fighting
 O Level 27 Axes
 O Level 27 Armour
 O Level 27 Dodging
 - Level 15.0 Shields
 - Level 7.0 Spellcasting
 - Level 8.8 Charms
 - Level 7.3 Summonings
 - Level 18.0 Invocations
 - Level 10.0 Evocations


You had 34 spell levels left.
You knew the following spells:

 Your Spells              Type           Power        Failure   Level  Hunger
a - Song of Slaying       Chrm           ###.....     1%          2    None
b - Summon Butterflies    Summ           ###.....     1%          1    None
c - Spectral Weapon       Hex/Chrm       ##......     19%         3    ##.....

Your spell library contained the following spells:

 Spells                   Type           Power        Failure   Level  Hunger
 Infusion                 Chrm           ###.         1%          1    None
 Call Imp                 Summ           ###.....     2%          2    None
 Call Canine Familiar     Summ           ###.....     5%          3    ##.....
 Shroud of Golubria       Chrm/Tloc      ##....       10%         2    None
 Swiftness                Chrm/Air       ##......     10%         2    None
 Ozocubu's Armour         Chrm/Ice       ##......     19%         3    ##.....
 Animate Skeleton         Necr           N/A          41%         1    None
 Beastly Appendage        Tmut           #.....       41%         1    None
 Corona                   Hex            #......      41%         1    None
 Flame Tongue             Conj/Fire      #....        41%         1    None
 Freeze                   Ice            #...         41%         1    None
 Magic Dart               Conj           #...         41%         1    None
 Pain                     Necr           #...         41%         1    None
 Sandblast                Erth           #.....       41%         1    None
 Shock                    Conj/Air       #...         41%         1    None
 Blink                    Tloc           N/A          54%         2    None
 Corpse Rot               Necr           N/A          54%         2    None
 Ensorcelled Hibernation  Hex/Ice        #.....       54%         2    None
 Searing Ray              Conj           #.....       54%         2    None
 Slow                     Hex            #.......     54%         2    None
 Sticks to Snakes         Tmut           #.......     54%         2    None
 Sublimation of Blood     Necr           #.........   54%         2    None
 Throw Flame              Conj/Fire      #.....       54%         2    None
 Summon Ice Beast         Ice/Summ       ##......     69%         4    ####...
 Confuse                  Hex            #.......     80%         3    ##.....
 Conjure Flame            Conj/Fire      #.......     80%         3    ##.....
 Dazzling Spray           Conj/Hex       #.....       80%         3    ##.....
 Gell's Gravitas          Tloc           #.........   80%         3    ##.....
 Ignite Poison            Fire/Tmut/Pois #.......     80%         3    ##.....
 Inner Flame              Hex/Fire       #.......     80%         3    ##.....
 Lesser Beckoning         Tloc           #.........   80%         3    ##.....
 Mephitic Cloud           Conj/Pois/Air  #.......     80%         3    ##.....
 Portal Projectile        Hex/Tloc       #.....       80%         3    ##.....
 Spider Form              Tmut/Pois      #.........   80%         3    ##.....
 Static Discharge         Conj/Air       #.......     80%         3    ##.....
 Stone Arrow              Conj/Erth      #.....       80%         3    ##.....
 Teleport Other           Tloc           #.......     80%         3    ##.....
 Tukima's Dance           Hex            #.......     80%         3    ##.....
 Vampiric Draining        Necr           #.........   80%         3    ##.....
 Excruciating Wounds      Chrm/Necr      ##........   90%         5    #####..
 Iskenderun's Battlesphe  Conj/Chrm      ##......     90%         5    #####..
 Summon Forest            Summ/Tloc      ##........   96%         5    #####..
 Summon Mana Viper        Hex/Summ       ##......     96%         5    #####..
 Shadow Creatures         Summ           N/A          98%         6    #######
 Airstrike                Air            #.........   99%         4    ####...
 Animate Dead             Necr           N/A          99%         4    ####...
 Cause Fear               Hex            #.........   99%         4    ####...
 Force Lance              Conj/Tloc      #.......     99%         4    ####...
 Fulminant Prism          Conj/Hex       #.........   99%         4    ####...
 Ice Form                 Ice/Tmut       #.......     99%         4    ####...
 Iskenderun's Mystic Bla  Conj           #.......     99%         4    ####...
 Leda's Liquefaction      Hex/Erth       #.........   99%         4    ####...
 Sticky Flame             Conj/Fire      #.......     99%         4    ####...
 Throw Icicle             Conj/Ice       #.......     99%         4    ####...
 Agony                    Necr           #.......     100%        5    #####..
 Blade Hands              Tmut           #.........   100%        5    #####..
 Bolt of Draining         Conj/Necr      #.........   100%        5    #####..
 Bolt of Magma            Conj/Fire/Erth #.........   100%        5    #####..
 Borgnjor's Vile Clutch   Necr/Erth      #.........   100%        5    #####..
 Dispel Undead            Necr           #.......     100%        5    #####..
 Fireball                 Conj/Fire      #.........   100%        5    #####..
 Irradiate                Conj/Tmut      #.........   100%        5    #####..
 Lightning Bolt           Conj/Air       #.........   100%        5    #####..
 Metabolic Englaciation   Hex/Ice        #.........   100%        5    #####..
 Silence                  Hex/Air        #.........   100%        5    #####..
 Venom Bolt               Conj/Pois      #.........   100%        5    #####..
 Yara's Violent Unravell  Hex/Tmut       #.........   100%        5    #####..
 Bolt of Cold             Conj/Ice       #.........   100%        6    #######
 Bolt of Fire             Conj/Fire      #.........   100%        6    #######
 Darkness                 Hex            #.........   100%        6    #######
 Deflect Missiles         Chrm/Air       ##........   100%        6    #######
 Dispersal                Tloc           #.........   100%        6    #######
 Hydra Form               Tmut           #.........   100%        6    #######
 Iron Shot                Conj/Erth      #.........   100%        6    #######
 Poison Arrow             Conj/Pois      #.........   100%        6    #######
 Statue Form              Tmut/Erth      #........    100%        6    #######
 Dragon Form              Tmut           #.........   100%        7    #######
 Malign Gateway           Summ/Tloc      ##........   100%        7    #######
 Monstrous Menagerie      Summ           ###.......   100%        7    #######
 Orb of Destruction       Conj           #.........   100%        7    #######
 Ring of Flames           Chrm/Fire      ##........   100%        7    #######
 Spellforged Servitor     Conj/Summ      ##........   100%        7    #######
 Summon Greater Demon     Summ           ###.......   100%        7    #######
 Summon Hydra             Summ           ###.......   100%        7    #######
 Chain Lightning          Conj/Air       #.........   100%        8    #######
 Controlled Blink         Tloc           N/A          100%        8    #######
 Discord                  Hex            #.........   100%        8    #######
 Disjunction              Tloc           #.........   100%        8    #######
 Ignition                 Fire           #.........   100%        8    #######
 Lehudib's Crystal Spear  Conj/Erth      #.........   100%        8    #######
 Summon Horrible Things   Summ           ###.......   100%        8    #######
 Dragon's Call            Summ           ###.......   100%        9    #######
 Fire Storm               Conj/Fire      #.........   100%        9    #######
 Glaciate                 Conj/Ice       #.........   100%        9    #######
 Shatter                  Erth           #.........   100%        9    #######
 Tornado                  Air            #.........   100%        9    #######
 Regeneration             Chrm/Necr      Unusable     N/A         3    N/A
 Passage of Golubria      Tloc           Unusable     N/A         4    N/A

Dungeon Overview and Level Annotations

Branches:
Dungeon (15/15)            Temple (1/1) D:4            Lair (6/6) D:10
 Shoals (4/4) Lair:2       Spider (4/4) Lair:3        Slime (5/5) Lair:5
    Orc (2/2) D:10            Elf (3/3) Orc:2        Vaults (5/5) D:13
  Crypt (3/3) Vaults:2       Tomb (0/3) Crypt:3      Depths (5/5) D:15
    Zot (5/5) Depths:5    Ossuary (visited)           IceCv (visited)
Volcano (visited)         Gauntlet (visited)

Altars:
Dithmenos
Elyvilon
Fedhas
Kikubaaqudgha
Makhleb
Nemelex Xobeh
Okawaru
Qazlal
Sif Muna
Trog
Vehumet
Xom
Yredelemnul
The Shining One
Beogh
Jiyva

Shops:
D:7 (   D:11 [   D:15 }   Orc:2 %((*   Vaults:1 (::   Vaults:3 [
Vaults:5 %?!?!?%!?   Depths:3 !

Portals:
Hell: Depths:1 Depths:2 Depths:3 Depths:4 Depths:5
Abyss: Depths:4 Depths:5
Pandemonium: Depths:1 Depths:3
Ziggurat: Depths:5
Trove: D:13 (give +4 storm dragon scales)

Annotations:
D:10 5 exclusions
Lair:2 exclusion: 2 oklob plants
Lair:3 exclusions: 4 oklob plants and upstairs
Elf:2 7 runed translucent doors, exclusion: 7 doors, Cuucabuana's ghost, veteran MiGl
Vaults:2 Mara


Innate Abilities, Weirdness & Mutations

You are resistant to damage.
You can heal yourself by infusing magical energy.
You resist negative energy. (rN+)
You passively map a large area around you.
You do not regenerate.
You are partially covered in rugged brown scales. (AC +1, +3% HP)
You have a somewhat thin skeletal structure. (Dex +2, Stealth)
You possess an exceptional clarity of mind.
Armour fits poorly on your strangely shaped body.
Your magical capacity is very low. (-20% MP)
You occasionally shout uncontrollably at your foes.
You are covered in fur. (AC +1)
You are weak. (Str -2)
Your spells are easier to cast, but less powerful.


Message History

You climb upwards.
There is a stone staircase leading down here.
A giant cockroach and a rakshasa come into view.
You slice the rakshasa!!
The rakshasa is moderately wounded.
You barely miss the giant cockroach. You block the giant cockroach's attack.
You slash the rakshasa!
The rakshasa is heavily wounded.
You slash the giant cockroach!
You kill the giant cockroach!
Makhleb accepts your kill.
The injured rakshasa weaves a defensive illusion!
You slice the rakshasa like a ripe choko!!!
You kill the rakshasa!
You slice the rakshasa!! Lightning courses through the rakshasa!
You kill the rakshasa!
Makhleb accepts your kill.
The rakshasa shimmers and vanishes!
There is a staircase leading out of the dungeon here.
You have escaped!

#.# ##...## ##...## #. #.#
#.....#######.....## ### #.##
#.....#............## ##.#
...####...)...............####...
.............#.....#......'......
...######...##.######.....####...
##.# #.#..8.....8.....## ##.#
##.# #.#..#.....#....## ### ...#
#....#..@..#...########## ####
#....#.....#..........##.
#.#..8.....8.(.######.#..
#.#.######.##.># #.#.#
#....#.....##..#### #.#..
###...............###.##.
####................###
#######...##.##..# #
##.........###


There were no monsters in sight!

Vanquished Creatures
  the Royal Jelly (Slime:5)
  A seraph (Pan)
  A pandemonium lord (Pan)
  4 ancient liches
  Lom Lobon (Pan)
  Mennas (Pan)
  7 orbs of fire (Zot:5)
  Boris (thrice) (Vaults:5 Crypt:1 Crypt:3)
  Margery (Crypt:2)
  Bai Suzhen (Vaults:5)
  2 Killer Klowns (Zot:5)
  Saint Roka (Depths:4)
  Xtahua (Crypt:2)
  A curse toe (Zot:5)
  4 golden dragons
  3 bone dragons
  2 profane servitors
  A pearl dragon (Pan)
  3 electric golems
  A hellephant (Abyss:3)
  19 tentacled monstrosities
  2 Ice Fiends
  25 Orb Guardians (Zot:5)
  A Brimstone Fiend (Pan)
  10 liches
  6 titans
  2 deep elf blademasters (Elf:3)
  6 quicksilver dragons
  15 acid blobs
  3 Executioners
  2 deep elf master archers (Elf:3)
  4 ancient champions
  Polyphemus (Shoals:2)
  10 death cobs
  Kirke (Shoals:3)
  11 tentacled starspawn
  Donald (Vaults:2)
  3 draconian monks
  6 sphinxes
  A storm dragon (shapeshifter) (Vaults:5)
  6 tengu reavers
  14 storm dragons
  4 shadow dragons
  2 warmongers
  2 revenants
  12 azure jellies
  20 daevas
  9 fire giants
  A frost giant (shapeshifter) (Vaults:5)
  16 vault wardens
  3 orc warlords
  9 frost giants
  5 deep elf sorcerers
  4 draconian scorchers
  7 cacodemons
  6 ghost moths
  3 iron dragons (Vaults:5)
  Aizul (Vaults:2)
  4 draconian knights
  A curse skull (Crypt:2)
  6 draconian shifters
  5 balrugs (Pan)
  2 spriggan defenders (Depths:2)
  3 emperor scorpions (Spider:4)
  24 angels (Pan)
  4 black suns (Pan)
  3 draconian annihilators
  5 deep elf elementalists
  3 ghouls
  6 draconian stormcallers
  16 ophanim (Pan)
  16 very ugly things
  19 stone giants
  A blood saint (Pan)
  6 reapers
  11 ironheart preservers
  6 entropy weavers
  7 corrupters (Pan)
  28 apis (Pan)
  An entropy weaver (shapeshifter) (Vaults:5)
  5 vampire knights
  4 deep elf demonologists
  8 lorocyprocas
  10 green draconians
  9 white draconians
  A minotaur (shapeshifter) (Vaults:5)
  15 yellow draconians
  6 red draconians
  8 deep elf annihilators
  17 black draconians
  13 spark wasps
  A minotaur (Gauntlet)
  3 merfolk javelineers (Shoals:4)
  13 purple draconians
  9 blizzard demons
  15 eidola
  7 fire dragons
  A quicksilver dragon zombie (Crypt:3)
  11 jiangshi
  13 ettins
  11 deep elf death magi
  9 green deaths
  11 ogre magi
  4 deep elf high priests
  4 merfolk impalers
  8 death oozes
  11 great orbs of eyes
  A mummy priest (Crypt:3)
  7 rakshasas
  35 vault guards
  13 yaktaur captains
  2 quicksilver dragon skeletons
  4 merfolk avatars
  2 naga warriors
  12 ice dragons
  3 hydras
  2 catoblepae
  2 spriggan air magi
  3 monstrous demonspawn (Pan)
  Harold (Lair:1)
  21 two-headed ogres
  18 centaur warriors
  3 merfolk aquamancers (Shoals:4)
  A satyr (Shoals:2)
  An alligator snapping turtle (Shoals:1)
  6 death knights
  19 dancing weapons
  A queen ant (Spider:4)
  6 deep troll earth magi
  4 death yaks
  Urug (Lair:5)
  7 tengu warriors
  7 deep troll shamans
  7 vampire magi
  3 orc high priests
  8 hell hogs
  7 thrashing horrors
  15 soul eaters
  A storm dragon zombie (Crypt:1)
  5 spriggan berserkers
  10 wretched stars
  19 sun demons
  7 hell knights
  2 spriggans (Depths:3)
  5 salamander mystics
  13 cherubim (Pan)
  22 deep elf knights
  3 titan skeletons
  23 small abominations
  3 iron trolls (Depths:5)
  2 storm dragon skeletons
  5 shadow wraiths
  16 skeletal warriors
  6 flayed ghosts
  5 unseen horrors
  18 sixfirhies
  A deep troll (shapeshifter) (Depths:3)
  4 infernal demonspawn (Pan)
  5 torturous demonspawn (Pan)
  11 sea snakes
  18 deep trolls
  4 gelid demonspawn (Pan)
  2 glowing orange brains
  2 spatial maelstroms
  An anaconda zombie (Crypt:1)
  A shadow demon (Pan)
  2 shadow dragon zombies (Crypt:3)
  A sphinx zombie (Crypt:1)
  18 orc knights
  A lindwurm (Volcano)
  4 anaconda skeletons
  A golden dragon skeleton (Crypt:3)
  17 wizards
  18 ironbrand convokers
  22 harpies
  A kraken simulacrum (Shoals:4)
  11 phantasmal warriors
  15 orb spiders
  14 deep elf archers
  23 necromancers
  3 wolf spider zombies
  A harpy (shapeshifter) (Elf:3)
  15 wolf spiders
  14 manticores
  12 orc sorcerers
  A stone giant zombie (Crypt:1)
  A faun (shapeshifter) (Vaults:5)
  12 fauns
  22 ugly things
  An iron dragon zombie (Crypt:3)
  A tengu skeleton (Vaults:4)
  8 cyclopes
  2 shining eyes
  61 deep elf magi
  31 moths of wrath
  A frost giant zombie (Crypt:3)
  2 worldbinders
  A fire giant zombie (Vaults:4)
  A salamander (shapeshifter) (Vaults:1)
  8 merfolk sirens
  8 black mambas
  8 elephants
  A guardian serpent (Depths:3)
  3 naga magi
  2 ice statues (IceCv)
  A black mamba (shapeshifter) (Depths:2)
  2 eyes of devastation
  A frost giant skeleton (Crypt:1)
  2 apocalypse crabs (Abyss:2)
  3 water nymphs
  18 vault sentinels
  An eye of devastation (shapeshifter) (Abyss:2)
  A toenail golem (Volcano)
  26 smoke demons
  8 orange demons
  2 rust devils
  3 stone giant skeletons
  A gargoyle (D:14)
  3 molten gargoyles (Volcano)
  33 large abominations
  5 torpor snails
  13 spiny frogs
  3 efreet (Zot:1)
  3 hellions
  A dire elephant skeleton (Crypt:3)
  2 komodo dragons
  4 rime drakes
  A komodo dragon (shapeshifter) (Vaults:1)
  60 yaktaurs
  A yaktaur skeleton (Vaults:4)
  33 hellwings
  20 demonic crawlers
  18 ice devils
  A tormentor (Abyss:2)
  A ghost moth simulacrum (Crypt:1)
  14 freezing wraiths
  A guardian mummy (Crypt:3)
  3 hydra zombies
  13 red devils (Pan)
  3 tengu conjurers
  10 trolls
  30 jumping spiders
  8 ancient zymes
  4 wind drakes
  12 hornets
  19 merfolk
  A meliai (shapeshifter) (Depths:1)
  4 polar bears
  A tyrant leech (Gauntlet)
  A hornet (shapeshifter) (Vaults:4)
  87 slime creatures
  12 blink frogs
  A fire dragon zombie (Crypt:3)
  A hippogriff (shapeshifter) (Depths:4)
  4 ettin zombies
  A frost giant simulacrum (Vaults:3)
  16 raiju
  4 snapping turtles
  14 hippogriffs
  7 air elementals
  10 flying skulls (Crypt:1)
  45 redbacks
  5 ettin skeletons
  18 ynoxinuls
  56 starcursed masses
  A black mamba zombie (Crypt:3)
  A tarantella (shapeshifter) (Vaults:4)
  23 tarantellas
  11 wraiths
  24 water elementals
  5 fire elementals
  4 vampires
  6 shadows
  21 yaks
  3 wyverns
  A fire bat (Abyss:2)
  6 basilisks
  16 humans
  A yak (shapeshifter) (Vaults:3)
  8 hogs
  An ushabti (Crypt:3)
  2 black mamba skeletons
  12 golden eyes
  6 chaos spawn
  9 neqoxecs
  3 hungry ghosts
  3 vampire mosquitoes (D:13)
  Menkaure (D:6)
  2 swamp worms (Gauntlet)
  A naga (Depths:2)
  A swamp worm (shapeshifter) (Depths:1)
  9 wargs
  24 soldier ants (Spider:4)
  4 spatial vortices (Abyss:2)
  5 harpy simulacra (IceCv)
  2 acid dragons
  An iron troll simulacrum (IceCv)
  9 porcupines
  5 hydra simulacra
  A merfolk zombie (Crypt:1)
  A floating eye (Depths:2)
  2 spiny frog skeletons
  16 water moccasins
  A sky beast (shapeshifter) (Depths:1)
  8 ice beasts
  3 sky beasts
  A hornet zombie (D:10)
  63 orc warriors
  5 eyes of draining
  31 ogres
  A black bear (Lair:2)
  4 necrophages
  3 snapping turtle zombies
  2 ettin simulacra
  3 phantoms
  4 wolves (D:10)
  A boggart (shapeshifter) (Vaults:5)
  A swamp dragon skeleton (Crypt:1)
  7 boggarts
  16 crocodiles
  25 centaurs
  A snapping turtle skeleton (Crypt:1)
  A draconian zombie (Crypt:2)
  A big kobold (D:10)
  18 bullfrogs
  A wyvern zombie (D:7)
  6 earth elementals
  A komodo dragon skeleton (Crypt:2)
  4 elf skeletons (D:6)
  6 wyvern skeletons (Crypt:3)
  6 scorpions
  A warg skeleton (Crypt:1)
  A vampire bat (Lair:5)
  A spriggan zombie (Crypt:3)
  8 wights
  3 electric eels
  3 howler monkeys
  6 crimson imps
  10 iron imps
  3 bullfrog zombies
  10 centaur skeletons
  6 hounds
  A centaur zombie (D:6)
  A jelly (D:10)
  5 quasits
  20 orc priests
  A human skeleton (D:6)
  42 orc wizards
  2 water moccasin simulacra (Lair:2)
  5 bullfrog skeletons
  8 iguanas
  30 worker ants
  A deep dwarf skeleton (Crypt:1)
  A naga zombie (Crypt:1)
  A basilisk simulacrum (Lair:2)
  A hound zombie (D:10)
  9 mummies
  A worker ant zombie (D:7)
  A crocodile simulacrum (Lair:2)
  4 gnolls (D:6)
  A scorpion zombie (Crypt:2)
  4 adders
  A steam dragon skeleton (Crypt:2)
  A swamp drake skeleton (Crypt:2)
  8 shadow imps
  A white imp (Abyss:2)
  4 ufetubi
  3 oozes
  2 adder zombies
  3 adder skeletons
  4 worms
  3 ball lightnings
  A barachi skeleton (Crypt:1)
  3 dart slugs
  4 leopard geckos
  119 orcs
  11 bats
  7 giant cockroaches
  4 hobgoblins
  13 jackals
  16 kobolds
  A quokka (D:5)
  2 ball pythons
  4 frilled lizards
  A gnoll zombie (Ossuary)
  7 goblins
  2 goblin zombies (Crypt:2)
  3 hobgoblin zombies (Ossuary)
  A jackal zombie (D:6)
  2 kobold zombies (Ossuary)
  An orc skeleton (D:6)
  2 orc zombies (Ossuary)
  9 rats
  A rat skeleton (Crypt:1)
  A block of ice (Pan)
  2 bushes (Elf:3)
  A butterfly (Lair:3)
  3 crawling corpses
  A fungus (Lair:4)
  7 plants
  7 starspawn tentacles
  5 withered plants (Crypt:3)
3114 creatures vanquished.

Vanquished Creatures (collateral kills)
  A pandemonium lord (Pan)
  Nikola (Shoals:1)
  Arachne (Spider:4)
  An Executioner (Pan)
  A deep elf elementalist (Elf:3)
  2 ironheart preservers
  2 deep elf annihilators (Elf:3)
  A deep elf demonologist (Elf:3)
  2 merfolk javelineers (Shoals:4)
  2 deep elf death magi (Elf:3)
  2 merfolk impalers (Shoals:4)
  A vault guard (D:13)
  A hydra (Lair:4)
  2 merfolk aquamancers
  A dancing weapon (Elf:3)
  5 death yaks
  A satyr (Shoals:4)
  An orc high priest (Elf:3)
  2 deep elf knights (Vaults:2)
  2 sea snakes (Shoals:4)
  A torturous demonspawn (Pan)
  A wolf spider (Spider:4)
  2 deep elf magi
  2 lindwurms
  An orb spider (Spider:4)
  2 harpies (Shoals:1)
  2 fauns (Shoals:4)
  4 manticores
  3 spiny frogs
  A komodo dragon (Lair:5)
  2 efreet (Volcano)
  2 demonic crawlers (Spider:4)
  4 merfolk
  A tengu conjurer (D:13)
  2 wind drakes
  A polar bear (Lair:6)
  2 hornets (Spider:4)
  A blink frog (Lair:3)
  A snapping turtle (Shoals:4)
  An air elemental (Elf:3)
  4 tarantellas (Spider:4)
  A ynoxinul (Pan)
  3 redbacks (Spider:4)
  A human (D:13)
  A naga (Depths:2)
  A floating eye (Depths:2)
  2 orc warriors (Elf:3)
  An ogre (D:12)
  An eye of draining (Pan)
  A spriggan zombie (Crypt:1)
  A hound (D:13)
  A worm (Lair:3)
86 creatures vanquished.

Vanquished Creatures (others)
  The ghost of lis82 the Sorcerer, an adept DEAE of Sif Muna (Lair:2)
  A frost giant (Vaults:5)
  A vault warden (Vaults:4)
  A deep elf annihilator (Elf:3)
  A yellow draconian (Zot:1)
  An ettin (Vaults:5)
  2 yaktaur captains
  A satyr (Shoals:4)
  A dancing weapon (Elf:1)
  A tengu warrior (Depths:1)
  A deep elf knight (Elf:3)
  6 deep elf archers
  A deep elf mage (Vaults:4)
  A smoke demon (Pan)
  8 yaktaurs
  A tormentor (Pan)
  A hellwing (Crypt:3)
  A water elemental (Abyss:3)
  A neqoxec (Abyss:3)
  A sky beast (Abyss:3)
  3 centaurs (Vaults:2)
  A boggart (Depths:2)
  A spiny frog simulacrum (Lair:2)
  An orc priest (Vaults:5)
  A yak simulacrum (Lair:2)
  A bullfrog simulacrum (Lair:2)
  A white imp (Abyss:1)
  16 ball lightnings
  A block of ice (Pan)
  A bush (Shoals:1)
  2 fire vortices (Volcano)
  3 fungi (Lair:3)
  A lurking horror (Abyss:3)
  12 plants
  15 starspawn tentacles
  4 tentacles (Shoals:4)
  A withered plant (Crypt:3)
98 creatures vanquished.

Grand Total: 3298 creatures vanquished

Notes
Turn   | Place    | Note
-------+----------+-------------------------------------------
     0 | D:1      | mojasp the Deep Dwarf Fighter began the quest for the Orb.
     0 | D:1      | Reached XP level 1. HP: 20/20 MP: 1/1
   230 | D:1      | Reached XP level 2. HP: 27/27 MP: 2/2
   546 | D:1      | Reached XP level 3. HP: 31/33 MP: 3/3
  1053 | D:2      | Found a shimmering altar of Xom.
  1469 | D:2      | Found a shimmering blue altar of Sif Muna.
  1474 | D:2      | Found a sparkling altar of Nemelex Xobeh.
  1952 | D:3      | Reached XP level 4. HP: 39/42 MP: 4/4
  2518 | D:4      | Found a staircase to the Ecumenical Temple.
  2531 | Temple   | Entered the Ecumenical Temple
  2539 | Temple   | Became a worshipper of Makhleb the Destroyer
  2574 | D:4      | Noticed an ice beast
  2589 | D:4      | Killed an ice beast
  2589 | D:4      | Reached XP level 5. HP: 7/49 MP: 5/5
  3329 | D:4      | Got a twisted hand axe
  3330 | D:4      | Identified the +5 hand axe "Ruakkischi" {drain, *Corrode
                  | rC+ Int+2} (You found it on level 4 of the Dungeon)
  3692 | D:4      | Reached XP level 6. HP: 36/56 MP: 6/6
  3897 | D:5      | Entered Level 5 of the Dungeon
  4650 | D:5      | Reached skill level 5 in Axes
  4823 | D:5      | Reached XP level 7. HP: 52/64 MP: 6/6
  4975 | D:5      | Reached skill level 5 in Armour
  4975 | D:5      | Reached skill level 5 in Shields
  5684 | D:6      | Noticed Menkaure
  5996 | D:6      | Found a sand-covered staircase.
  6012 | Ossuary  | Entered an ossuary
  6088 | Ossuary  | Reached * piety under Makhleb
  6387 | D:6      | Reached XP level 8. HP: 43/73 MP: 7/7
  6402 | D:6      | Found a shimmering blue altar of Sif Muna.
  6458 | D:6      | Got a fine buckler
  6459 | D:6      | Identified the +1 buckler of the Lion {rC+} (You found it
                  | on level 6 of the Dungeon)
  6484 | D:6      | Found a glowing golden altar of the Shining One.
  6712 | D:6      | Reached skill level 5 in Fighting
  6784 | D:6      | Killed Menkaure
  7316 | D:7      | Gained mutation: You passively map the area around you.
                  | [Deep Dwarf growth]
  7316 | D:7      | Reached XP level 9. HP: 60/81 MP: 7/7
  7450 | D:7      | Reached ** piety under Makhleb
  7825 | D:7      | Found a blossoming altar of Fedhas.
  7831 | D:7      | Found a stormy altar of Qazlal.
  8097 | D:7      | Reached skill level 1 in Invocations
  8162 | D:7      | Found Laoczusa's Weapon Emporium.
  8231 | D:8      | Paralysed by a hornet for 1 turns
  8233 | D:8      | Reached skill level 1 in Dodging
  9124 | D:9      | Noticed a centaur warrior
  9139 | D:9      | Killed a centaur warrior
  9139 | D:9      | Reached skill level 10 in Axes
  9139 | D:9      | Reached XP level 10. HP: 75/92 MP: 10/10
  9242 | D:9      | Reached *** piety under Makhleb
  9369 | D:9      | Found a bloodstained altar of Trog.
  9648 | D:9      | Noticed a two-headed ogre
  9660 | D:9      | Killed a two-headed ogre
  9660 | D:9      | Reached skill level 5 in Invocations
  9963 | D:10     | Entered Level 10 of the Dungeon
  9967 | D:10     | Found a staircase to the Orcish Mines.
 10140 | D:10     | Reached XP level 11. HP: 78/100 MP: 13/13
 10526 | D:10     | Found a glowing golden altar of the Shining One.
 10533 | D:10     | Noticed a two-headed ogre
 10594 | D:10     | Killed a two-headed ogre
 10598 | D:10     | Reached skill level 5 in Dodging
 10719 | D:10     | Found a staircase to the Lair.
 10736 | D:10     | Reached **** piety under Makhleb
 11465 | Lair:1   | Entered Level 1 of the Lair of Beasts
 11571 | D:7      | Got an iridescent whip
 11572 | D:7      | Identified the +7 whip "Eruiwkac" {protect, rF+ rN+ Int+3}
                  | (You found it on level 7 of the Dungeon)
 11884 | Lair:1   | Got a transparent glaive
 11891 | Lair:1   | Noticed Harold
 11908 | Lair:1   | Killed Harold
 13024 | Lair:2   | Found a staircase to the Shoals.
 13171 | Lair:2   | Found a runed translucent gate.
 13171 | Lair:2   | Found a runed translucent gate.
 13171 | Lair:2   | Found a runed translucent gate.
 13190 | Lair:2   | Noticed an oklob plant
 13191 | Lair:2   | Noticed an oklob plant
 13373 | Lair:2   | Reached XP level 12. HP: 106/110 MP: 15/15
 13622 | Lair:2   | Noticed lis82's ghost (adept DEAE)
 13696 | Lair:2   | Killed lis82's ghost
 13757 | Lair:2   | HP: 2/110 [rime drake/flash freeze (5)]
 13819 | Lair:2   | Got a translucent helmet
 13830 | Lair:2   | Identified the +1 helmet "Biunaacu" {rPois Regen+ rCorr
                  | Str+8} (You found it on level 2 of the Lair of Beasts)
 14155 | Lair:3   | Found a hole to the Spider Nest.
 14447 | Lair:3   | Gained mutation: You have sharp toenails. [potion of
                  | mutation]
 14447 | Lair:3   | Gained mutation: You are covered in fur. (AC +1) [potion of
                  | mutation]
 14864 | Lair:3   | Reached skill level 10 in Shields
 14912 | Lair:3   | Reached skill level 10 in Armour
 15991 | Lair:4   | Noticed a five-headed hydra
 16008 | Lair:4   | Killed a five-headed hydra
 16038 | Lair:4   | Found a dark tunnel.
 16051 | Lair:4   | Reached XP level 13. HP: 96/118 MP: 15/17
 16056 | Volcano  | Entered a volcano
 16760 | D:11     | Found an iron altar of Okawaru.
 16848 | D:11     | Found Xanior's Antique Armour Shop.
 17688 | Lair:5   | Noticed Urug
 17707 | Lair:5   | Killed Urug
 17772 | Lair:5   | Found a staircase to the Slime Pits.
 17772 | Lair:5   | Found a viscous altar of Jiyva.
 17886 | Lair:5   | Reached skill level 10 in Invocations
 17937 | Lair:5   | You fall into a shaft and drop 1 floor!
 17937 | Lair:6   | Entered Level 6 of the Lair of Beasts
 18051 | Lair:6   | Reached ***** piety under Makhleb
 18357 | Lair:5   | Found a shadowy altar of Dithmenos.
 18913 | Lair:6   | Gained mutation: You resist negative energy. (rN+) [Deep
                  | Dwarf growth]
 18913 | Lair:6   | Reached XP level 14. HP: 52/129 MP: 19/19
 19064 | Orc:1    | Entered Level 1 of the Orcish Mines
 19064 | Orc:1    | Noticed an orc warlord
 20573 | D:12     | Reached skill level 15 in Axes
 20738 | D:10     | Killed an orc warlord
 21052 | Orc:1    | Found a roughly hewn altar of Beogh.
 21121 | Orc:2    | Entered Level 2 of the Orcish Mines
 21448 | Orc:2    | Found a roughly hewn altar of Beogh.
 21457 | Orc:2    | Found Vuisho's Weapon Shoppe.
 21462 | Orc:2    | Reached skill level 10 in Fighting
 21463 | Orc:2    | Reached ****** piety under Makhleb
 21582 | Orc:2    | Found a staircase to the Elven Halls.
 21750 | Orc:2    | Found Hurelah's General Store.
 21765 | Orc:2    | Bought a scroll of identify for 30 gold pieces
 21765 | Orc:2    | Bought a scroll of blinking for 112 gold pieces
 21765 | Orc:2    | Bought a scroll of summoning for 142 gold pieces
 21784 | Orc:2    | Found Buudut's Weapon Shop.
 21841 | Orc:2    | Found Vinie's Food Shop.
 22749 | D:13     | Found a gate to the Vaults.
 22757 | D:13     | Reached skill level 10 in Dodging
 23348 | D:14     | Reached XP level 15. HP: 138/138 MP: 20/20
 23391 | D:14     | Found a gate leading to a gauntlet.
 23400 | Gauntlet | Entered a Gauntlet
 23400 | Gauntlet | Found a transporter.
 23400 | Gauntlet | Found a transporter.
 23435 | Gauntlet | Found a transporter.
 23435 | Gauntlet | Found a transporter.
 23435 | Gauntlet | Found a transporter.
 23452 | Gauntlet | Found a transporter.
 23468 | Gauntlet | Found a transporter.
 23469 | Gauntlet | Found a transporter.
 23472 | Gauntlet | Found a transporter.
 23472 | Gauntlet | Found a transporter.
 23513 | Gauntlet | Found a runed translucent door.
 23513 | Gauntlet | Found a runed translucent door.
 23525 | Gauntlet | Found a transporter.
 23525 | Gauntlet | Found a transporter.
 23579 | Gauntlet | Got a pair of jewelled boots
 23590 | Gauntlet | Identified the +1 pair of boots of Bumielymn {rC- Int+7
                  | SInv Stlth-} (You found it in a Gauntlet)
 23615 | Gauntlet | Identified the Guide on Toxins and Translocation
 23621 | Gauntlet | Got a jewelled war axe
 23763 | D:14     | Identified the +6 war axe "Osobege" {chop, Dex+3} (You
                  | found it in a Gauntlet)
 24160 | D:13     | Found a portal to a secret trove of treasure.
 24169 | D:13     | Identified the amulet of Starshine {+Rage rF+}
 24660 | D:15     | Entered Level 15 of the Dungeon
 24765 | D:15     | Reached skill level 1 in Evocations
 24805 | D:15     | Found Lied's Gadget Boutique.
 25019 | D:15     | Found a blossoming altar of Fedhas.
 25289 | D:15     | Found a staircase to the Depths.
 25645 | Spider:1 | Entered Level 1 of the Spider Nest
 28210 | Spider:3 | Got a warped cloak
 28221 | Spider:3 | Identified the cursed -3 cloak of Quysagau {+Fly rCorr
                  | Str+2 Dex-3 SInv} (You found it on level 3 of the Spider
                  | Nest)
 28280 | Spider:3 | Reached XP level 16. HP: 148/148 MP: 22/22
 28489 | Spider:3 | Identified the Grimoire of Earthen Dislocation
 28702 | Spider:3 | Reached skill level 5 in Evocations
 28979 | Spider:4 | Entered Level 4 of the Spider Nest
 29541 | Spider:4 | Noticed Arachne
 29554 | Spider:4 | Killed Arachne
 30492 | Spider:4 | Got a gossamer rune of Zot
 30526 | Spider:4 | HP: 6/151 [spark wasp (15)]
 31983 | Shoals:1 | Entered Level 1 of the Shoals
 32393 | Shoals:1 | Noticed Nikola
 32460 | Shoals:1 | Killed Nikola
 32514 | Shoals:1 | Reached XP level 17. HP: 90/157 MP: 21/23
 33374 | Shoals:3 | Noticed Polyphemus
 33404 | Shoals:2 | Killed Polyphemus
 33877 | Shoals:3 | Found a frozen archway.
 33899 | IceCv    | Entered an ice cave
 34412 | IceCv    | Noticed an Ice Fiend
 34432 | IceCv    | Killed an Ice Fiend
 34645 | Shoals:3 | Noticed Kirke
 34720 | Shoals:3 | Killed Kirke
 34860 | Shoals:4 | Entered Level 4 of the Shoals
 35978 | Shoals:4 | Got a polished scale mail
 35992 | Shoals:4 | Identified the +3 scale mail of Fallacy {MR+ Int-5 Slay+5}
                  | (You found it on level 4 of the Shoals)
 36015 | Shoals:4 | Identified the Incunabulum of the Harmful Glacier
 36187 | Shoals:4 | Got a barnacled rune of Zot
 37409 | Vaults:1 | Entered Level 1 of the Vaults
 37479 | Vaults:1 | Found Esoc's Book Emporium.
 37501 | Vaults:1 | Gained mutation: You passively map a large area around you.
                  | [Deep Dwarf growth]
 37501 | Vaults:1 | Reached XP level 18. HP: 168/168 MP: 19/19
 37552 | Vaults:1 | Found Limu's Book Shop.
 37614 | Vaults:1 | Reached skill level 15 in Invocations
 37640 | Vaults:1 | Found Unomexkuin's Antique Weapon Shop.
 37755 | Vaults:1 | Reached skill level 10 in Evocations
 38194 | Vaults:1 | Found a radiant altar of Vehumet.
 38194 | Vaults:1 | Noticed a lich
 38195 | Vaults:1 | Found the +3 robe of Clouds {+Thunder rCloud rElec}
 38198 | Vaults:1 | Killed a lich
 38262 | Vaults:1 | Identified the +4 quarterstaff of the Solstice {freeze,
                  | rF+}
 39013 | Vaults:2 | Found a staircase to the Crypt.
 39013 | Vaults:2 | Found an ancient bone altar of Kikubaaqudgha.
 39013 | Vaults:2 | Found a basalt altar of Yredelemnul.
 39040 | Vaults:2 | Noticed Mara
 39045 | Vaults:2 | Noticed mojasp's illusion
 39058 | Vaults:2 | Reached skill level 15 in Armour
 39058 | Vaults:2 | Reached skill level 15 in Shields
 39320 | Vaults:2 | Noticed mojasp's illusion
 39523 | Vaults:2 | Reached XP level 19. HP: 174/178 MP: 21/21
 39835 | Vaults:2 | Noticed Aizul
 39848 | Vaults:2 | Killed Aizul
 40052 | Vaults:2 | Noticed Donald
 40081 | Vaults:2 | Killed Donald
 41145 | Vaults:3 | Found Jelykk's Armour Boutique.
 41964 | Vaults:4 | Reached skill level 15 in Dodging
 42275 | Vaults:4 | Reached XP level 20. HP: 81/190 MP: 22/22
 43449 | Elf:1    | Entered Level 1 of the Elven Halls
 44253 | Elf:1    | Identified the +1 leather armour of Paneiffu {rF+}
 44756 | Elf:2    | Reached skill level 15 in Fighting
 44963 | Elf:2    | Found a large runed translucent door.
 44963 | Elf:2    | Found a large runed translucent door.
 44965 | Elf:2    | Found the +7 Singing Sword {slice, sonic wave}
 44966 | Elf:2    | Noticed Cuucabuana's ghost (veteran MiGl)
 45075 | Elf:2    | Found a huge runed translucent gate.
 45075 | Elf:2    | Found a huge runed translucent gate.
 45075 | Elf:2    | Found a huge runed translucent gate.
 45076 | Elf:2    | Found a huge runed translucent gate.
 45077 | Elf:2    | Found a huge runed translucent gate.
 45295 | Elf:3    | Entered Level 3 of the Elven Halls
 45812 | Elf:3    | Reached XP level 21. HP: 201/201 MP: 24/24
 45844 | Elf:3    | Identified the ring "Ytrar" {rN+ MR+ Int+7}
 46322 | Elf:3    | Identified the +1 robe of Digrul {MR+ rCorr Str+2 Int+5}
 46355 | Elf:3    | Identified the ring of Hyokal {*Drain rElec rF+ MR+ Int+5}
 46490 | Elf:3    | Got a heavily runed iron amulet
 46522 | Elf:3    | Identified the amulet of the Echidna {Inacc rF+ rN+ Int+4}
                  | (You found it on level 3 of the Elven Halls)
 46982 | Vaults:3 | Bought a +2 helmet of intelligence for 387 gold pieces
 46982 | Vaults:3 | Bought a +1 pair of boots for 207 gold pieces
 47229 | Depths:1 | Entered Level 1 of the Depths
 47451 | Depths:1 | Found a gateway to Hell.
 47507 | Depths:1 | Found a one-way gate leading to the halls of Pandemonium.
 48204 | Depths:2 | Found a basalt altar of Yredelemnul.
 48493 | Depths:2 | Got a smoking brass ring
 48495 | Depths:2 | Identified the ring "Ropsytirph" {rElec rPois MR+ rCorr}
                  | (You found it on level 2 of the Depths)
 48666 | Depths:2 | Paralysed by a floating eye for 4 turns
 48712 | Depths:2 | Reached XP level 22. HP: 214/214 MP: 25/25
 48732 | Depths:2 | Got a crude marble ring
 48734 | Depths:2 | Identified the cursed ring "Keruriu" {-Tele MP+9 Str+6
                  | Slay-5} (You found it on level 2 of the Depths)
 48942 | Depths:2 | Found a white marble altar of Elyvilon.
 49021 | Depths:2 | Got a vibrating marble ring
 49036 | Depths:2 | Identified the ring "Mounwy" {Wiz MP+9 Str+2} (You found it
                  | on level 2 of the Depths)
 49206 | Depths:2 | Noticed a golden dragon
 49214 | Depths:2 | Killed a golden dragon
 49964 | Depths:3 | Found Lofuw's Distillery.
 49976 | Depths:3 | Bought a potion of haste for 160 gold pieces
 49976 | Depths:3 | Bought a potion of berserk rage for 80 gold pieces
 49976 | Depths:3 | Bought a potion of brilliance for 64 gold pieces
 50667 | Depths:3 | Identified the cursed +2 falchion of Conservatism {freeze,
                  | Str-4 Dex+10}
 50668 | Depths:3 | Identified the +7 dagger of Toizuffe {holy, Dex+4}
 51291 | Depths:4 | Reached XP level 23. HP: 225/225 MP: 26/26
 51296 | Depths:4 | Noticed Saint Roka
 51328 | Depths:4 | Killed Saint Roka
 51643 | Depths:4 | Found a one-way gate to the infinite horrors of the Abyss.
 52115 | Depths:5 | Entered Level 5 of the Depths
 52571 | Depths:5 | Found a gateway to a ziggurat.
 52692 | Depths:5 | Found a gate to the Realm of Zot.
 53709 | Vaults:5 | Entered Level 5 of the Vaults
 53916 | Vaults:5 | Reached XP level 24. HP: 203/238 MP: 26/26
 54093 | Vaults:5 | Identified the ring of Vumurrebb {rC+ MP-9 Slay+2 SInv
                  | Stlth+}
 54290 | Vaults:5 | Noticed Bai Suzhen
 54306 | Vaults:5 | Killed Bai Suzhen
 54314 | Vaults:5 | Noticed Boris
 54329 | Vaults:5 | Killed Boris
 54357 | Vaults:5 | Identified the ring "Ducs" {rPois rF- Int-5 Dex+6 SInv
                  | Stlth-}
 54448 | Vaults:5 | Found Icaquss's Food Emporium.
 54482 | Vaults:5 | Found Ithregre's Magic Scroll Emporium.
 54482 | Vaults:5 | Found Tehiw's Distillery.
 54486 | Vaults:5 | Bought a scroll of teleportation for 54 gold pieces
 54486 | Vaults:5 | Bought a scroll of teleportation for 54 gold pieces
 54486 | Vaults:5 | Bought a scroll of blinking for 135 gold pieces
 54486 | Vaults:5 | Bought a scroll of summoning for 171 gold pieces
 54486 | Vaults:5 | Bought a scroll of teleportation for 54 gold pieces
 54504 | Vaults:5 | Bought a potion of heal wounds for 80 gold pieces
 54504 | Vaults:5 | Bought a potion of cancellation for 128 gold pieces
 54504 | Vaults:5 | Bought a potion of haste for 160 gold pieces
 54504 | Vaults:5 | Bought 2 potions of curing for 96 gold pieces
 54504 | Vaults:5 | Bought a potion of haste for 160 gold pieces
 54504 | Vaults:5 | Bought a potion of agility for 64 gold pieces
 54515 | Vaults:5 | Found Vytwu Boi's Distillery.
 54519 | Vaults:5 | Bought a potion of agility for 48 gold pieces
 54519 | Vaults:5 | Bought a potion of haste for 120 gold pieces
 54519 | Vaults:5 | Bought a potion of might for 48 gold pieces
 54519 | Vaults:5 | Bought a potion of might for 48 gold pieces
 54519 | Vaults:5 | Bought a potion of haste for 120 gold pieces
 54519 | Vaults:5 | Bought a potion of agility for 48 gold pieces
 54519 | Vaults:5 | Bought a potion of ambrosia for 96 gold pieces
 54519 | Vaults:5 | Bought a potion of agility for 48 gold pieces
 54532 | Vaults:5 | Found Lefiagh's Food Shoppe.
 54554 | Vaults:5 | Found Ipsauj's Distillery.
 54564 | Vaults:5 | Bought a potion of haste for 140 gold pieces
 54564 | Vaults:5 | Bought a potion of resistance for 140 gold pieces
 54589 | Vaults:5 | Found Puolud's Magic Scroll Shop.
 54593 | Vaults:5 | Got a silver rune of Zot
 54601 | Vaults:5 | Bought a scroll of teleportation for 51 gold pieces
 54601 | Vaults:5 | Bought a scroll of teleportation for 51 gold pieces
 54601 | Vaults:5 | Bought a scroll of blinking for 127 gold pieces
 54601 | Vaults:5 | Bought a scroll of teleportation for 51 gold pieces
 54601 | Vaults:5 | Bought a scroll of enchant weapon for 127 gold pieces
 54601 | Vaults:5 | Bought a scroll of teleportation for 51 gold pieces
 54610 | Vaults:5 | Found Miosul's Magic Scroll Shoppe.
 54631 | Vaults:5 | Bought a scroll of silence for 180 gold pieces
 54631 | Vaults:5 | Bought a scroll of blinking for 180 gold pieces
 54631 | Vaults:5 | Bought a scroll of teleportation for 72 gold pieces
 54631 | Vaults:5 | Bought a scroll of teleportation for 72 gold pieces
 54731 | Vaults:5 | Noticed an ancient lich
 54752 | Vaults:5 | Killed an ancient lich
 54847 | Vaults:5 | Found Xish's Magic Scroll Emporium.
 54851 | Vaults:5 | Bought a scroll of teleportation for 30 gold pieces
 54851 | Vaults:5 | Bought 2 scrolls of blinking for 150 gold pieces
 54851 | Vaults:5 | Bought a scroll of teleportation for 30 gold pieces
 55412 | Zot:1    | Entered Level 1 of the Realm of Zot
 55803 | Zot:1    | Found a shimmering altar of Xom.
 55967 | Zot:1    | Reached XP level 25. HP: 249/249 MP: 26/26
 57862 | Zot:4    | Got a sparkling pewter amulet
 57997 | Zot:4    | Identified the amulet of Midnight {+Rage rC+ rN+ Slay+3}
                  | (You found it on level 4 of the Realm of Zot)
 58011 | Zot:5    | Entered Level 5 of the Realm of Zot
 58200 | Depths:5 | Voluntarily entered the Abyss.
 58277 | Abyss:1  | Paralysed by accursed screaming for 1 turns
 58485 | Abyss:2  | Reached XP level 26. HP: 261/261 MP: 26/26
 58515 | Abyss:2  | Found an iron altar of Okawaru.
 58686 | Abyss:2  | Gained mutation: You are weak. (Str -2) [mutagenic glow]
 58899 | Abyss:2  | Learned a level 2 spell: Song of Slaying
 59087 | Abyss:2  | Reached skill level 1 in Charms
 59089 | Abyss:2  | Reached skill level 1 in Spellcasting
 59173 | Abyss:2  | Found a radiant altar of Vehumet.
 59239 | Abyss:2  | Found a radiant altar of Vehumet.
 59458 | Abyss:3  | Paralysed by accursed screaming for 2 turns
 59469 | Abyss:3  | Paralysed by accursed screaming for 2 turns
 59502 | Abyss:3  | Got an abyssal rune of Zot
 59706 | Abyss:3  | Gained mutation: Your body sometimes deteriorates upon
                  | taking damage. [a cacodemon]
 59881 | Abyss:3  | Found a corrupted altar of Lugonu.
 59886 | Abyss:3  | Gained mutation: Your body often deteriorates upon taking
                  | damage. [a neqoxec]
 59913 | Abyss:3  | Paralysed by accursed screaming for 1 turns
 59924 | Abyss:3  | Paralysed by accursed screaming for 1 turns
 59982 | Depths:5 | Escaped the Abyss
 60498 | Slime:1  | Entered Level 1 of the Pits of Slime
 60507 | Slime:2  | Gained mutation: Armour fits poorly on your strangely
                  | shaped body. [a shining eye]
 60573 | Slime:5  | Entered Level 5 of the Pits of Slime
 61004 | Slime:5  | Noticed the Royal Jelly
 61026 | Slime:5  | Killed the Royal Jelly
 61084 | Slime:5  | Got a slimy rune of Zot
 61137 | Slime:5  | Got a vibrating ivory ring
 61143 | Slime:5  | Identified the Collected Works on Execration
 61253 | Slime:5  | Gained mutation: Scrolls take you a little longer to read.
                  | [a shining eye]
 61261 | Slime:5  | Reached skill level 5 in Charms
 61959 | Vaults:5 | Lost mutation: Scrolls take you a little longer to read.
                  | [potion of mutation]
 61959 | Vaults:5 | Lost mutation: Armour fits poorly on your strangely shaped
                  | body. [potion of mutation]
 61959 | Vaults:5 | Gained mutation: You have a somewhat thin skeletal
                  | structure. (Dex +2, Stealth) [potion of mutation]
 61959 | Vaults:5 | Gained mutation: You are partially covered in rugged brown
                  | scales. (AC +1, +3% HP) [potion of mutation]
 61965 | Vaults:5 | Identified the ring "Ucug" {Fire Dex+4} (You found it on
                  | level 5 of the Pits of Slime)
 62079 | Crypt:1  | Entered Level 1 of the Crypt
 62124 | Crypt:1  | Noticed Boris
 62147 | Crypt:1  | Killed Boris
 62202 | Crypt:1  | Reached XP level 27. HP: 259/276 MP: 14/23
 62241 | Crypt:1  | Reached skill level 5 in Spellcasting
 62903 | Crypt:2  | Noticed Xtahua
 62919 | Crypt:2  | Killed Xtahua
 63096 | Crypt:2  | Noticed Margery
 63113 | Crypt:2  | Killed Margery
 63502 | Crypt:3  | Entered Level 3 of the Crypt
 63692 | Crypt:3  | Noticed Boris
 63707 | Crypt:3  | Killed Boris
 63914 | Crypt:3  | Found an ancient bone altar of Kikubaaqudgha.
 64080 | Crypt:3  | Noticed an ancient lich
 64098 | Crypt:3  | Killed an ancient lich
 64132 | Crypt:3  | Got a pair of ancient boots
 64143 | Crypt:3  | Identified the cursed -3 pair of boots of Vuskox {Slay+3}
                  | (You found it on level 3 of the Crypt)
 64372 | Crypt:3  | Found a staircase to the Tomb.
 65232 | Pan      | Entered Pandemonium
 65309 | Pan      | Learned a level 1 spell: Summon Butterflies
 65406 | Pan      | Reached skill level 1 in Summonings
 65418 | Pan      | Paralysed by you for 5 turns
 65430 | Pan      | Lost mutation: Your body often deteriorates upon taking
                  | damage. [a cacodemon]
 66215 | Pan      | Noticed Ahiytt the pandemonium lord
 66228 | Pan      | Paralysed by a floating eye for 3 turns
 66232 | Pan      | Killed Ahiytt the pandemonium lord
 66372 | Pan      | Found an exit through the horrors of the Abyss.
 66779 | Pan      | Found a glowing silver altar of Zin.
 67614 | Pan      | Found a white marble altar of Elyvilon.
 67699 | Pan      | Reached skill level 5 in Summonings
 69081 | Pan      | Identified the amulet "Wapur" {+Rage Str+2 Dex+3}
 69081 | Pan      | Noticed a seraph
 69103 | Pan      | Killed a seraph
 69111 | Pan      | Found a glowing golden altar of the Shining One.
 69142 | Pan      | Got a demonic rune of Zot
 69647 | Pan      | Entered the realm of Lom Lobon.
 70057 | Pan      | Noticed Lom Lobon
 70099 | Pan      | Killed Lom Lobon
 70170 | Pan      | Got a magical rune of Zot
 70618 | Pan      | Learned a level 3 spell: Spectral Weapon
 70770 | Pan      | Noticed Ypueref the pandemonium lord
 70807 | Depths:1 | Escaped Pandemonium
 71045 | Pan      | Entered Pandemonium
 71210 | Pan      | Identified Sif Muna's Incunabulum of Unstable Aid
 71231 | Pan      | Found an exit through the horrors of the Abyss.
 71522 | Pan      | Noticed Ompiuph the pandemonium lord
 71538 | Pan      | HP: 3/276 [Ompiuph the pandemonium lord/great icy blast
                  | (73)]
 71644 | Pan      | Noticed Mennas
 71684 | Pan      | Killed Mennas
 71944 | Pan      | Noticed Qyxkass the pandemonium lord
 71961 | Pan      | Killed Qyxkass the pandemonium lord
 72006 | Pan      | Identified the Catalogue of Conjuration
 72013 | Depths:1 | Escaped Pandemonium
 72217 | Depths:4 | Voluntarily entered the Abyss.
 72561 | Depths:4 | Escaped the Abyss
 72984 | Zot:5    | Noticed an ancient lich
 72984 | Zot:5    | Noticed an orb of fire
 72984 | Zot:5    | Noticed an orb of fire
 72984 | Zot:5    | Noticed an orb of fire
 72986 | Zot:5    | Gained mutation: You are frail. (-10% HP) [an orb of fire]
 72989 | Zot:5    | Gained mutation: Your spells are a little easier to cast,
                  | but a little less powerful. [an orb of fire]
 72990 | Zot:5    | Gained mutation: You are very weak. (Str -4) [an orb of
                  | fire]
 72995 | Zot:5    | Noticed an orb of fire
 72998 | Zot:5    | Gained mutation: Your magical capacity is low. (-10% MP)
                  | [an orb of fire]
 73001 | Zot:5    | Killed an orb of fire
 73004 | Zot:5    | Gained mutation: You are dopey. (Int -2) [an orb of fire]
 73006 | Zot:5    | Killed an ancient lich
 73011 | Zot:5    | Gained mutation: Scrolls take you a little longer to read.
                  | [an orb of fire]
 73014 | Zot:5    | Gained mutation: You are very dopey. (Int -4) [an orb of
                  | fire]
 73018 | Zot:5    | Gained mutation: Scrolls take you longer to read. [an orb
                  | of fire]
 73019 | Zot:5    | Killed an orb of fire
 73022 | Zot:5    | Noticed an ancient lich
 73030 | Zot:5    | Noticed an orb of fire
 73031 | Zot:5    | Gained mutation: You occasionally shout uncontrollably at
                  | your foes. [an orb of fire]
 73032 | Zot:5    | Killed an orb of fire
 73038 | Zot:5    | Gained mutation: Your magical capacity is very low. (-20%
                  | MP) [an orb of fire]
 73039 | Zot:5    | Killed an orb of fire
 73044 | Zot:5    | Killed an ancient lich
 73052 | Zot:5    | Killed an orb of fire
 73052 | Zot:5    | Reached skill level 27 in Armour
 73064 | Zot:5    | Noticed an orb of fire
 73070 | Zot:5    | Reached skill level 27 in Axes
 73070 | Zot:5    | Gained mutation: Your magical capacity is extremely low.
                  | (-30% MP) [an orb of fire]
 73073 | Zot:5    | Gained mutation: Your spells are easier to cast, but less
                  | powerful. [an orb of fire]
 73074 | Zot:5    | Killed an orb of fire
 73078 | Zot:5    | Noticed an orb of fire
 73091 | Zot:5    | Killed an orb of fire
 73092 | Zot:5    | Lost mutation: You are frail. (-10% HP) [potion of
                  | mutation]
 73092 | Zot:5    | Lost mutation: Your spells are easier to cast, but less
                  | powerful. [potion of mutation]
 73092 | Zot:5    | Lost mutation: Your body sometimes deteriorates upon taking
                  | damage. [potion of mutation]
 73092 | Zot:5    | Lost mutation: Scrolls take you longer to read. [potion of
                  | mutation]
 73092 | Zot:5    | Lost mutation: Your magical capacity is extremely low.
                  | (-30% MP) [potion of mutation]
 73092 | Zot:5    | Gained mutation: You are agile. (Dex +2) [potion of
                  | mutation]
 73093 | Zot:5    | Lost mutation: You have sharp toenails. [potion of
                  | mutation]
 73093 | Zot:5    | Lost mutation: Scrolls take you a little longer to read.
                  | [potion of mutation]
 73093 | Zot:5    | Gained mutation: Your spells are easier to cast, but less
                  | powerful. [potion of mutation]
 73093 | Zot:5    | Lost mutation: You are very dopey. (Int -4) [potion of
                  | mutation]
 73093 | Zot:5    | Lost mutation: You are very weak. (Str -4) [potion of
                  | mutation]
 73094 | Zot:5    | Lost mutation: You are dopey. (Int -2) [potion of mutation]
 73094 | Zot:5    | Lost mutation: You are agile. (Dex +2) [potion of mutation]
 73094 | Zot:5    | Gained mutation: Armour fits poorly on your strangely
                  | shaped body. [potion of mutation]
 73094 | Zot:5    | Gained mutation: You possess an exceptional clarity of
                  | mind. [potion of mutation]
 73693 | Zot:5    | Got the Orb of Zot
 73907 | Depths:2 | Noticed Zugiepri the pandemonium lord
 74000 | D:15     | Reached skill level 27 in Dodging
 74332 | D:$      | Escaped with the Orb!

Levels and vault maps discovered:
D:1:      scummos_arrival_simple_crosswalls, layout_loops_corners
D:2:      cheibrodos_old_hovel, layout_basic, brannock_xom_greatest_gift,
          lemuel_round_altar, first_ration, nemelex_xobeh_ov_fountains_minmay
D:3:      layout_loops_ring
D:4:      layout_cave_pools, minmay_temple_entry_slanted
D:5:      layout_basic, kennysheep_generic_room_7
D:6:      kennysheep_orc_sif_temple, layout_loops_ring, lemuel_round_altar,
          nicolae_ossuary_entry_catacombs, uniq_menkaure
D:7:      layout_gridville, grunt_temple_overflow_forces_of_nature,
          serial_shops, kennysheep_mini_moat
D:8:      layout_loops_ring
D:9:      layout_irregular_city, grunt_livestock, trog_butcher_becter
D:10:     nicolae_whirlpool, layout_cave_pools, erik_lair_island, david_orc_2,
          nicolae_tso_carved_into_rock
D:11:     layout_basic, serial_shops, shop, statue_in_the_mist_lemuel,
          kennysheep_nub, okawaru_ov_weapons_minmay
D:12:     layout_irregular_city
D:13:     layout_long_grid, grunt_vaults_entry_tiered,
          nicolae_trove_entry_free_sample
D:14:     layout_rooms, chequers_serial_rivers_micro_c, gauntlet_entry_generic,
          chequers_serial_rivers_micro_e
D:15:     grunt_enter_depths_hoard, layout_loops_cross, fedhas_altar_4,
          serial_shops, nicolae_shop_crystal
Temple:   nicolae_temple_elliptical
Lair:1:   layout_long_grid, grunt_megastairs_5, lemuel_fruit_tree,
          serial_bayou_shore_b, uniq_harold
Lair:2:   dpeg_oklob_gauntlet, layout_cave_shapes, elwin_shoals_entry_rocks,
          gammafunk_ghost_icy, st_stairs_6
Lair:3:   layout_small_grid, nicolae_spider_entry_non_spiders,
          minmay_lair_oklob_chamber, lemuel_fruit_fields
Lair:4:   layout_loops_ring, nicolae_volcano_entry_vermiform
Lair:5:   layout_gridlike, slime_altar_1, basic_altar, roderic_batcave,
          uniq_urug
Lair:6:   gammafunk_lair_ancient_temple, layout_regular_city, wad_woods_river_03
Shoals:1: argonaut_golden_fleece, layout_shoals, uniq_nikola
Shoals:2: cheibrodos_shoals_oceanic_diplomacy, layout_shoals, abandoned_shop
Shoals:3: layout_shoals, portal_ice_cave_entry_frozen_things, uniq_kirke,
          uniq_polyphemus
Shoals:4: shoals_end_grunt_ice, layout_shoals,
          nicolae_shoals_arrival_archipelago
Spider:1: layout_spider_delve, worms_lemuel
Spider:2: layout_chambers
Spider:3: layout_spider_delve
Spider:4: johnstein_spider_rune_arachne_lair, minivault_29
Slime:1:  layout_caves
Slime:2:  layout_caves
Slime:3:  layout_caves
Slime:4:  layout_caves, uniq_dissolution
Slime:5
Orc:1:    layout_caves, basic_altar
Orc:2:    st_orc_town, layout_caves
Elf:1:    layout_geoelf_grid, evilmike_minifort, minmay_misc_feat_five,
          small_statue_intersection
Elf:2:    layout_geoelf_diagonals, ebering_ghost_disaster_area, glass_columns_a
Elf:3:    elf_hall, layout_geoelf_diagonals
Vaults:1: v_misc_14, grunt_tower_of_power, grunt_vaults_twisty, v_alt_pattern_4,
          grunt_vaults_trifunnel, grunt_vaults_hallway_long,
          nicolae_vaults_network_periphery, nicolae_vaults_what_the_h, v_misc_9,
          v_misc_18, v_misc_15, nicolae_vaults_rhombus_5,
          nicolae_vaults_rhombus_6, vaults_dpeg_ring, layout_vaults_big_cross,
          serial_shops, shop, shop_fountains, nicolae_shop_statue_plus
Vaults:2: nicolae_vaults_circle_grid_b, hangedman_vaults_stream,
          nicolae_vaults_circle_grid_a, minmay_crypt_entry_necro_gods,
          v_alt_pattern_3, hangedman_vaults_cutoff, hangedman_vaults_pinch,
          vaults_mumra_lcd, hangedman_vaults_maws, vaults_room_corners,
          nicolae_vaults_diagonal_hallway_7, nicolae_vaults_diagonal_hallway_6,
          grunt_vaults_hallway_short, layout_vaults_big_room, uniq_donald,
          uniq_aizul, uniq_mara
Vaults:3: v_rooms_3, vaults_mumra_bighexcomb, nicolae_vaults_back_hallway,
          nicolae_vaults_specimen_jars, grunt_vaults_diagonal, v_rooms_1,
          vaults_room_grid, vaults_standard_mumra_lines,
          ontoclasm_vaults_loading_screen, hangedman_vaults_unwind,
          nicolae_vaults_network_quinsquares
          [nicolae_vaults_network_quincunx_subvault,
          nicolae_vaults_network_quincunx_subvault,
          nicolae_vaults_network_quincunx_subvault,
          nicolae_vaults_network_quincunx_subvault], vaults_room_pool,
          hangedman_vaults_corner_blocks, v_rooms_6, layout_vaults_omnibox,
          serial_shops, shop
Vaults:4: hangedman_vaults_stretched_pinwheel, v_alt_pattern_4,
          ontoclasm_vaults_spin, v_misc_18, v_misc_19, nicolae_vaults_rhombus_6,
          vaults_mumra_minichess_inversion, v_misc_2, v_misc_8,
          special_room_vaults [special_room_orc], vaults_dpeg_diagonal,
          layout_vaults_quadrants
Vaults:5: uniq_boris, uniq_bai_suzhen
Crypt:1:  layout_regular_city, grunt_crypt_arrival_webbed
Crypt:2:  layout_gridlike, uniq_margery, uniq_xtahua
Crypt:3:  evilmike_haunted_forest
Depths:1: layout_cave_pools, kennysheep_boxes, hangedman_geh_valley,
          grunt_pan_entry_zigzag, minmay_tree_intersection,
          kennysheep_kite_vault
Depths:2: hangedman_spin_cycle, hell_entry
Depths:3: hangedman_six_sided_sadism, layout_cave_shapes, serial_shops, shop,
          hangedman_tar_grid_catacomb, rand_demon_pan_entry_5
Depths:4: minmay_containers, layout_cave_shapes, hangedman_coc_ice_floe,
          minmay_misc_feat_cross, hangedman_abyss_entry_splay,
          minmay_staircase_bubble, uniq_saint_roka
Depths:5: evilmike_zot_entry_basic, layout_gridville, enter_ziggurat_a,
          minmay_crystal_water, minmay_room_of_horrors, grunt_hell_entry_dis_mu,
          chequers_serial_rivers_micro_c
Zot:1:    layout_basic, basic_altar, hangedman_hellfire_club
Zot:2:    layout_gridlike
Zot:3:    layout_misc_corridors
Zot:4:    layout_cathedral_of_symmetry, st_single_dragon_hoard_4,
          kennysheep_underground_church
Zot:5:    layout_misc_corridors

Skill      XL: |  1  2  3  4  5  6  7  8  9 10 11 12 13 14 15 16 17 18 19 20 21 22 23 24 25 26 27 |
---------------+----------------------------------------------------------------------------------+-----
Axes           | 3 4 5 6 8 10 11 12 13 14 15 16 17 18 20 22 27 | 27.0
Fighting       | 3 4 5 6 7 8 9 10 11 12 13 14 15 16 17 18 19 20 | 20.0
Armour         | 4 5 6 7 8 9 10 11 12 13 14 15 16 17 19 20 21 22 23 27 | 27.0
Shields        | 4 5 6 7 8 9 10 11 12 13 14 15 | 15.0
Invocations    | 3 5 7 9 10 11 12 13 14 16 17 18 | 18.0
Dodging        | 3 4 6 7 8 10 11 12 13 15 16 18 19 20 21 22 23 27 | 27.0
Evocations     | 4 7 9 10 | 10.0
Charms         | 5 8 |  8.8
Spellcasting   | 4 7 |  7.0
Summonings     | 7 |  7.3

Action                   |  1- 3 |  4- 6 |  7- 9 | 10-12 | 13-15 | 16-18 | 19-21 | 22-24 | 25-27 || total
-------------------------+-------+-------+-------+-------+-------+-------+-------+-------+-------++-------
Melee: War axe           |   166 |    79 |       |       |   192 |       |       |    13 |    42 ||   492
       Hand axe          |       |    63 |   422 |   771 |   211 |       |       |       |       ||  1467
       Whip              |       |       |       |    53 |    12 |       |       |       |       ||    65
       Kick              |       |       |       |   100 |   377 |       |   286 |       |       ||   763
       Broad axe         |       |       |       |       |  1040 |  1562 |  1333 |  1290 |  3651 ||  8876
Throw: Boomerang         |       |       |     6 |       |       |       |       |       |       ||     6
 Cast: Song of Slaying   |       |       |       |       |       |       |       |       |    21 ||    21
       Summon Butterflie |       |       |       |       |       |       |       |       |     3 ||     3
Invok: Lesser Servant of |       |       |       |     9 |    12 |     5 |       |       |       ||    26
       Major Destruction |       |       |       |     2 |     1 |     9 |    11 |     2 |     3 ||    28
       Greater Servant o |       |       |       |       |     1 |    18 |     6 |       |    14 ||    39
 Abil: Heal Wounds       |     1 |     2 |     3 |     3 |     2 |    24 |       |       |     9 ||    44
       Evoke Flight      |       |       |       |     2 |     4 |    18 |     3 |     1 |     6 ||    34
       Stop Flying       |       |       |       |     1 |       |       |       |       |       ||     1
       Evoke Berserk Rag |       |       |       |       |       |    15 |     1 |       |       ||    16
Evoke: Wand              |       |       |       |       |     2 |       |     1 |     2 |     1 ||     6
  Use: Scroll            |     7 |       |    10 |     5 |     8 |    14 |     4 |     8 |    27 ||    83
       Potion            |       |     1 |     3 |    11 |     6 |     6 |       |     5 |    31 ||    63
 Stab: Distracted        |       |       |       |       |     2 |     4 |     2 |       |     5 ||    13
       Paralysed         |       |       |       |       |       |       |       |       |     2 ||     2
       Invisible         |       |       |       |       |       |       |       |       |     4 ||     4
  Eat: Chunk             |     4 |     4 |    16 |    23 |    23 |    16 |    16 |    14 |    28 ||   144
       Ration            |       |     1 |     1 |       |     6 |    11 |     5 |     3 |    13 ||    40
Armor: Scale mail        |    52 |       |       |       |       |    52 |   194 |   261 |   130 ||   689
       Plate armour      |    24 |    91 |   114 |   310 |   679 |   544 |       |       |       ||  1762
       Gold dragon scale |       |       |       |       |       |       |       |       |  1167 ||  1167
Dodge: Dodged            |    30 |    19 |    37 |   183 |   641 |   673 |   470 |   634 |  1824 ||  4511
Block: Shield            |    99 |    88 |   178 |   470 |  1106 |  1285 |  1052 |   989 |  2687 ||  7954
       Buckler           |       |       |       |     8 |       |       |       |       |       ||     8
       Reflection        |       |       |       |       |       |    54 |   139 |    51 |     3 ||   247
